 Dungeon Crawl Stone Soup version 0.18-a0-1797-gc18daef (webtiles) character file.

49 macross the Sneak (level 3, -1/18 HPs)
             Began as a Spriggan Assassin on Apr 22, 2016.
             Slain by an orc
             ... wielding a +0 flail
              (10 damage)
             ... on level 3 of the Dungeon.
             The game lasted 00:05:17 (2266 turns).

macross the Sneak (Spriggan Assassin)               Turns: 2266, Time: 00:05:18

Health: -1/18      AC:  3    Str:  7    XL:     3   Next: 51%
Magic:  4/4        EV: 18    Int: 12    God:
Gold:   203        SH:  0    Dex: 18    Spells: 0 memorised, 2 levels left

rFire  . . .     SeeInvis +     a - +2 dagger
rCold  . . .     Gourm    .     c - +0 robe
rNeg   . . .     Faith    .     (shield restricted)
rPois  .         Spirit   .     (helmet restricted)
rElec  .         Dismiss  .     d - +0 cloak
rCorr  .         Reflect  .     (gloves unavailable)
SustAt .         Harm     .     (boots unavailable)
MR     .....                    (no amulet)
Stlth  ++++......               (no ring)
                                h - ring of flight

@: very quick, not resistant to hostile enchantments, stealthy
A: unfitting armour, see invisible, herbivore 3, speed 3, slow metabolism 2
a: Evoke Flight


You were on level 3 of the Dungeon.
You were not hungry.

You visited 1 branch of the dungeon, and saw 3 of its levels.

You collected 203 gold pieces.

Inventory:

Hand Weapons
 a - a +2 dagger (weapon)
 b - a +0 blowgun
Missiles
 e - 8 poisoned needles
 f - 2 curare-tipped needles
Armour
 c - a +0 robe (worn)
 d - a +0 cloak (worn)
Jewellery
 h - a ring of flight (left hand)
Scrolls
 i - a scroll of remove curse {unknown}
 m - a scroll of fog {unknown}
 n - 2 scrolls of teleportation {unknown}
 p - a scroll of identify {unknown}
Potions
 j - 2 potions of cure mutation {unknown}
 k - a potion of brilliance {unknown}
 l - a potion of might {unknown}
 o - a potion of lignification {unknown}
 q - a potion of agility {unknown}
Comestibles
 g - 4 bread rations


   Skills:
 + Level 1.6 Fighting
 * Level 2.5 Short Blades
 - Level 2.0 Throwing
 * Level 2.3 Dodging
 * Level 7.3 Stealth


You had 2 spell levels left.
You didn't know any spells.

Dungeon Overview and Level Annotations

Branches:
Dungeon (3/15)

Altars:
Pakellas

Annotations:
D:3 skk's ghost, amateur NaEn


Innate Abilities, Weirdness & Mutations

You are tiny and cannot use many weapons and most armour.
You have supernaturally acute eyesight.
You are a herbivore.
You cover ground extremely quickly.
You need consume almost no food.


Message History

The orc is severely wounded.
The orc barely misses you.
You barely miss the orc.
The orc is severely wounded.
The orc closely misses you.
You hit the orc but do no damage.
The orc is severely wounded.
You hit the orc but do no damage.
The orc is severely wounded.
The orc hits you with a flail.
You barely miss the orc.
The orc is severely wounded.
The orc hits you with a flail.
You barely miss the orc.
The orc is severely wounded.
You hit the orc but do no damage.
The orc is severely wounded.
The orc hits you with a flail!
Ouch! That really hurt!
You die...

####.#.......
...#..#.#.. ###
#..#[#.. #..#.##.
########..#.##.
..#.......#.##.
#.#.###.....###
#.######.#.###.....#
#..oo@.....##......#
#.######.####......###
#......#.......
########..(....
#....... #.......
########


You could see 2 orcs.

Vanquished Creatures
  An adder (D:2)
  A dart slug (D:1)
  A worm (D:2)
  An orc (D:3)
  3 giant cockroaches
  3 goblins (D:1)
  4 hobgoblins
  2 jackals (D:1)
  5 kobolds
  A ball python (D:3)
  3 bats
  4 giant newts
  6 rats
35 creatures vanquished.

Notes
Turn   | Place    | Note
--------------------------------------------------------------
     0 | D:1      | macross the Spriggan Assassin began the quest for the Orb.
     0 | D:1      | Reached XP level 1. HP: 10/10 MP: 2/2
    21 | D:1      | Reached skill level 6 in Stealth
   161 | D:1      | Reached XP level 2. HP: 14/14 MP: 3/3
  1235 | D:2      | Reached skill level 7 in Stealth
  1283 | D:2      | Reached XP level 3. HP: 17/18 MP: 4/4
  1368 | D:2      | Found an oddly glowing altar of Pakellas.
  1901 | D:3      | Noticed skk's ghost (amateur NaEn)
  2266 | D:3      | Slain by an orc

Vault maps used:
D:1:      dpeg_arrival_court, serial_curves, eino_curves_03, eino_curves_01
D:2:      grunt_pakellas_basics, first_bread
D:3:      led_sif_book, kiku_gazebo_garden_becter, uniq_sigmund

Skill      XL: |  1  2  3 |
---------------+----------+-----
Stealth        | 6 7 |  7.3
Dodging        | 2 |  2.3
Fighting       | |  1.6
Short Blades   | |  2.5
Throwing       | |  2.0

Action                   || total
-------------------------++-------
Melee: Dagger            ||   140
 Stab: Sleeping          ||    12
       Distracted        ||     1
Armor: Robe              ||    13
Dodge: Dodged            ||    65
